 Dungeon Crawl Stone Soup version 0.26-a0-812-g31a745ddcd (webtiles) character file.

Game seed: 3038772414608361203

75 mkm the Firebug (level 4, -2/33 HPs)
             Began as a Draconian Fire Elementalist on Dec 2, 2020.
             Slain by a gnoll
             ... wielding a +0 whip
              (3 damage)
             ... on level 2 of the Dungeon.
             The game lasted 00:06:49 (2129 turns).

mkm the Firebug (Draconian Fire Elementalist)       Turns: 2129, Time: 00:06:50

Health: -2/33      AC:  8    Str: 11    XL:     4   Next: 11%
Magic:  2/7        EV: 16    Int: 15    God:
Gold:   37         SH:  0    Dex: 12    Spells: 7/8 levels left

rFire    . . .     SeeInvis .   g - +1 dagger
rCold    . . .     Faith    .   (no shield)
rNeg     . . .     Spirit   .   (armour unavailable)
rPois    .         Reflect  .   (helmet restricted)
rElec    .         Harm     .   (no cloak)
rCorr    .         Rampage  .   c - +2 pair of gloves
MR       .....                  (no boots)
Stlth    ++........             (no amulet)
HPRegen  0.11/turn              b - +4 ring of evasion
MPRegen  0.10/turn              (no ring)

@: no status effects
A: unfitting armour, cold-blooded, AC +5
a: no special abilities


You were on level 2 of the Dungeon.
You visited 1 branch of the dungeon, and saw 3 of its levels.

You collected 37 gold pieces.

Inventory:

Hand Weapons
 g - a +1 dagger (weapon)
Armour
 c - a +2 pair of gloves (worn)
Jewellery
 b - a +4 ring of evasion (left hand)
 e - an uncursed amulet of magic regeneration {unknown}
Wands
 j - a wand of acid (6)
Scrolls
 a - a scroll of identify
 d - a scroll of remove curse
 f - a scroll of fear {unknown}
Potions
 h - a potion of heal wounds


   Skills:
 + Level 0.2 Fighting
 + Level 0.3 Short Blades
 + Level 2.2 Dodging
 + Level 1.9 Stealth
 + Level 2.6 Spellcasting
 + Level 1.8 Conjurations
 + Level 3.7 Fire Magic


You had 7 spell levels left.
You knew the following spells:

 Your Spells              Type           Power        Failure   Level
a - Foxfire               Conj/Fire      ##..         7%          1

Your spell library contained the following spells:

 Spells                   Type           Power        Failure   Level
 Conjure Flame            Conj/Fire      ##......     21%         3
 Inner Flame              Hex/Fire       #.......     28%         3
 Sticky Flame             Conj/Fire      ##......     54%         4
 Fireball                 Conj/Fire      ##........   88%         5


Dungeon Overview and Level Annotations

Branches:
Dungeon (3/15)

Altars:
Elyvilon
Nemelex Xobeh


Innate Abilities, Weirdness & Mutations

Your plain brown scales are hard. (AC +5)
You cannot fit into any form of body armour.
You are cold-blooded and may be slowed by cold attacks.


Message History

You hit the gnoll.
The gnoll is moderately wounded.
The gnoll closely misses you. The gnoll hits you but does no damage.
You barely miss the gnoll.
The gnoll is moderately wounded.
The gnoll hits you but does no damage. The gnoll hits you with a +0 whip.
* * * LOW HITPOINT WARNING * * *
Casting: Foxfire (safe; 7% risk of failure)
Confirm with . or Enter, or press ? or * to list all spells.
You conjure some foxfire!
The gnoll misses you. The gnoll hits you with a +0 whip.
* * * LOW HITPOINT WARNING * * *
Casting: Foxfire (safe; 7% risk of failure)
Confirm with . or Enter, or press ? or * to list all spells.
Nothing appears to happen.
The foxfire hits the gnoll.
The gnoll is heavily wounded.
The gnoll hits you from afar with a +0 spear.
* * * LOW HITPOINT WARNING * * *
The gnoll hits you with a +0 whip.
You die...

#..##...###..#
#.....#......#
##....#...#..# #
#..#####.#..###.##
#....#...........#
####.#.###.####.##
#.gg# #.# # ##.##
#.. #@# #### #g#
####.####
#.......#
#.......#
#.......#
#>...†<.....
#.......####
#.......#


You could see 3 gnolls.

Vanquished Creatures
  A gnoll (D:2)
  3 adders
  An ooze (D:1)
  A dart slug (D:2)
  2 orcs (D:3)
  4 bats
  A giant cockroach (D:1)
  2 goblins (D:1)
  3 hobgoblins
  3 kobolds (D:1)
  2 quokkas (D:2)
  2 ball pythons (D:2)
  4 frilled lizards
  3 rats (D:2)
32 creatures vanquished.

Vanquished Creatures (collateral kills)
  A foxfire (D:1)
1 creature vanquished.

Vanquished Creatures (others)
  74 foxfires
74 creatures vanquished.

Grand Total: 107 creatures vanquished

Notes
Turn   | Place    | Note
-------+----------+-------------------------------------------
     0 | D:1      | mkm the Draconian Fire Elementalist began the quest for the
                  | Orb.
     0 | D:1      | Reached XP level 1. HP: 14/14 MP: 3/3
   391 | D:1      | Reached XP level 2. HP: 20/20 MP: 1/5
   639 | D:1      | Found a sparkling altar of Nemelex Xobeh.
  1530 | D:2      | Reached XP level 3. HP: 26/26 MP: 6/6
  1542 | D:2      | You fall into a shaft and drop 1 floor!
  1645 | D:3      | Found a white marble altar of Elyvilon.
  2125 | D:2      | Reached XP level 4. HP: 7/33 MP: 4/7
  2129 | D:2      | HP: 1/33 [gnoll/+0 spear (1)]
  2129 | D:2      | Slain by a gnoll

Illustrated notes

Levels and vault maps discovered:
D:1:      eino_arrival_tree_alley, layout_basic, nemelex_altar_shiori
D:2:      layout_loops_ring, zin_scriptorium,
          chequers_ecumenical_altar_simple_redux, uniq_robin
D:3:      layout_loops_ring, elyvilon_altar_5, uniq_crazy_yiuf_cottage

Skill      XL: |  1  2 |
---------------+-------+-----
Dodging        | 2 |  2.2
Fighting       | |  0.2
Short Blades   | |  0.3
Stealth        | |  1.9
Spellcasting   | |  2.6
Conjurations   | |  1.8
Fire Magic     | |  3.7

Action                   |  1- 3 |  4- 6 || total
-------------------------+-------+-------++-------
Melee: Club              |    20 |       ||    20
       Unarmed           |     5 |       ||     5
       Tailslap          |     9 |       ||     9
       Dagger            |    71 |     2 ||    73
 Cast: Foxfire           |    55 |     2 ||    57
  Use: Scroll            |     8 |       ||     8
       Potion            |     4 |       ||     4
 Stab: Sleeping          |     2 |       ||     2
Armor: Skin              |    53 |     2 ||    55
Dodge: Dodged            |   165 |     4 ||   169

Table legend: (Time is in decaauts)
 A = Elapsed time spent in this place.
 B = Non-inter-level travel time spent in this place.
 C = Inter-level travel time spent in this place.
 D = Time resting spent in this place.
 E = Time spent auto-exploring this place.
 F = Levels seen in this place.
 G = Mean time per level.
                   A        B        C        D        E       F      G
               +--------+--------+--------+--------+--------+-----+--------+
         Total |   2133 |   2107 |     26 |    546 |   1066 |   3 |  711.0 |
       Dungeon |   2133 |   2107 |     26 |    546 |   1066 |   3 |  711.0 |
               +--------+--------+--------+--------+--------+-----+--------+

Top non-repeatable levels by time:
     D:1: 1273 daAuts
     D:2: 717 daAuts
     D:3: 142 daAuts
